General information
			
			
        
        - name: BNet
 
        - type: Ladder team game (AT/RT)
 
        - host: Battle.net
 
        - saver: GoodNaturedBoy
 
        
map: Cherryville 
        - players: 8
 
        - length: 24:12
 
        - speed: Fast
 - version: 1.22 W3XP
 - replay type:  Public
 
» download(156 KB)
Players
        team 1 (winner) 
              
              
» 
GoodNaturedBoy (
orange | 120 APM | 2907 actions | 24:12)
              
 7 Tauren Chieftain 
 3 War Stomp
 3 Endurance Aura
 1 Reincarnation
 6 Shadow Hunter 
 3 Hex
 2 Healing Wave
 1 Big Bad Voodoo
 6 Pandaren Brewmaster 
 2 Breath of Fire
 3 Drunken Haze
 1 Storm Earth and Fire
 
                » actions 
                
                | Assign group hotkey | 27 |  | 
| Basic commands | 239 |  | 
| Build / train | 93 |  | 
| ESC pressed | 2 |  | 
| Enter build submenu | 17 |  | 
| Enter hero's abilities submenu | 22 |  | 
| Give item / drop item | 5 |  | 
| Right click | 1143 |  | 
| Select / deselect | 653 |  | 
| Select group hotkey | 594 |  | 
| Use ability | 112 |  | 
                2907 total
 » units 
                » upgrades
                
                | Ranged Weapons | 3 |  | 
| Armor | 3 |  | 
| Envenomed Spears | 1 |  | 
| Reinforced Defenses | 1 |  | 
                8 total
 » buildings
                
                | Altar of Storms | 1 |  | 
| Orc Burrow | 5 |  | 
| Barracks | 1 |  | 
| Voodoo Lounge | 1 |  | 
| Stronghold | 2 |  | 
| War Mill | 1 |  | 
| Great Hall | 2 |  | 
| Beastiary | 4 |  | 
| Fortress | 1 |  | 
                18 total
 » build order
                00:05 Altar of Storms
00:08 Orc Burrow
00:46 Barracks
01:38 Orc Burrow
01:57 Voodoo Lounge
03:04 Stronghold
03:04 Stronghold
03:33 Orc Burrow
03:52 War Mill
04:45 Great Hall
05:15 Orc Burrow
06:46 Beastiary
06:49 Beastiary
09:47 Fortress
15:42 Beastiary
15:44 Beastiary
15:55 Great Hall
18:34 Orc Burrow
» items
                
                | Healing Salve | 6 |  | 
| Lesser Clarity Potion | 6 |  | 
| Scroll of Town Portal | 3 |  | 
| Orb of Lightning | 1 |  | 
| Potion of Mana | 1 |  | 
| Orb of Corruption | 1 |  | 
| Boots of Speed | 1 |  | 
| Periapt of Vitality | 1 |  | 
                20 total
  
               
              
              
NobunagaOda (
blue | 8 APM | 186 actions | 22:31)
              
 1 Blood Mage 
 1 Flame Strike
 
                » actions 
                
                | Basic commands | 1 |  | 
| Build / train | 29 |  | 
| Enter build submenu | 12 |  | 
| Enter hero's abilities submenu | 1 |  | 
| Right click | 64 |  | 
| Select / deselect | 60 |  | 
| Use ability | 19 |  | 
                186 total
 » units 
                
                | Peasant | 12 |  | 
| Footman | 11 |  | 
| Rifleman | 4 |  | 
                27 total
 » buildings
                
                | Barracks | 2 |  | 
| Altar of Kings | 1 |  | 
| Farm | 8 |  | 
| Blacksmith | 1 |  | 
                12 total
 » build order
                00:52 Barracks
00:54 Altar of Kings
00:58 Barracks
01:05 Farm
04:52 Farm
05:33 Farm
09:27 Farm
09:30 Blacksmith
10:50 Farm
10:52 Farm
12:00 Farm
12:02 Farm
 
               
              
              
Dinan5 (
red | 28 APM | 689 actions | 24:11)
              
 5 Dreadlord 
 3 Vampiric Aura
 2 Sleep
 4 Lich 
 2 Frost Armor
 2 Frost Nova
 
                » actions 
                
                | Basic commands | 11 |  | 
| Build / train | 79 |  | 
| Enter build submenu | 17 |  | 
| Enter hero's abilities submenu | 9 |  | 
| Give item / drop item | 1 |  | 
| Remove unit from queue | 2 |  | 
| Right click | 280 |  | 
| Select / deselect | 243 |  | 
| Use ability | 47 |  | 
                689 total
 » units 
                
                | Acolyte | 7 |  | 
| Ghoul | 8 |  | 
| Obsidian Statue | 3 |  | 
| Meatwagon | 9 |  | 
| Kobold Geomancer | 1 |  | 
| Assassin | 1 |  | 
| Abomination | 15 |  | 
                44 total
 » upgrades
                
                | Cannibalize | 1 |  | 
| Unholy Strength | 3 |  | 
| Unholy Armor | 3 |  | 
| Exhume Corpses | 1 |  | 
| Disease Cloud | 1 |  | 
                9 total
 » buildings
                
                | Ziggurat | 9 |  | 
| Altar of Darkness | 1 |  | 
| Crypt | 1 |  | 
| Graveyard | 1 |  | 
| Nerubian Tower | 6 |  | 
| Tomb of Relics | 1 |  | 
| Halls of the Dead | 1 |  | 
| Slaughterhouse | 2 |  | 
| Black Citadel | 1 |  | 
| Spirit Tower | 1 |  | 
                24 total
 » build order
                00:15 Ziggurat
00:19 Altar of Darkness
00:26 Crypt
01:32 Graveyard
01:56 Ziggurat
02:12 Nerubian Tower
02:48 Ziggurat
03:47 Tomb of Relics
04:06 Halls of the Dead
06:14 Ziggurat
06:29 Slaughterhouse
06:33 Slaughterhouse
09:16 Black Citadel
11:28 Ziggurat
11:31 Ziggurat
11:34 Ziggurat
11:38 Ziggurat
12:05 Ziggurat
13:37 Nerubian Tower
14:20 Nerubian Tower
14:22 Spirit Tower
15:46 Nerubian Tower
15:48 Nerubian Tower
17:01 Nerubian Tower
» items
                
                | Orb of Corruption | 1 |  | 
| Scroll of Town Portal | 2 |  | 
| Orb of Lightning | 1 |  | 
                4 total
  
               
              
              
slayer_49 (
purple | 26 APM | 635 actions | 24:11)
              
 4 Lich 
 2 Frost Nova
 2 Dark Ritual
 
                » actions 
                
                | Basic commands | 10 |  | 
| Build / train | 58 |  | 
| Enter build submenu | 24 |  | 
| Enter hero's abilities submenu | 5 |  | 
| Remove unit from queue | 3 |  | 
| Right click | 291 |  | 
| Select / deselect | 215 |  | 
| Use ability | 29 |  | 
                635 total
 » units 
                
                | Acolyte | 9 |  | 
| Ghoul | 7 |  | 
| Crypt Fiend | 5 |  | 
| Frost Wyrm | 10 |  | 
| Gargoyle | 9 |  | 
                40 total
 » upgrades
                
                | Web | 1 |  | 
| Burrow | 1 |  | 
| Freezing Breath | 1 |  | 
                3 total
 » buildings
                
                | Ziggurat | 11 |  | 
| Altar of Darkness | 1 |  | 
| Crypt | 2 |  | 
| Graveyard | 1 |  | 
| Halls of the Dead | 1 |  | 
| Nerubian Tower | 1 |  | 
| Spirit Tower | 4 |  | 
| Sacrificial Pit | 1 |  | 
| Black Citadel | 1 |  | 
| Boneyard | 2 |  | 
                25 total
 » build order
                00:12 Ziggurat
00:15 Altar of Darkness
00:19 Ziggurat
00:49 Crypt
01:18 Ziggurat
01:52 Graveyard
03:50 Crypt
03:55 Ziggurat
04:17 Halls of the Dead
04:30 Nerubian Tower
05:05 Ziggurat
06:16 Spirit Tower
06:25 Spirit Tower
07:09 Sacrificial Pit
08:12 Black Citadel
08:24 Ziggurat
08:27 Ziggurat
08:30 Ziggurat
09:38 Spirit Tower
11:15 Boneyard
11:17 Boneyard
17:13 Ziggurat
17:19 Ziggurat
18:57 Spirit Tower
20:43 Ziggurat
 
               team 2 (loser) 
              
              
gA.LeE (
pink | 86 APM | 2077 actions | 24:10)
              
 6 Tauren Chieftain 
 2 War Stomp
 3 Endurance Aura
 1 Reincarnation
 
                » actions 
                
                | Assign group hotkey | 28 |  | 
| Basic commands | 156 |  | 
| Build / train | 60 |  | 
| Enter build submenu | 29 |  | 
| Enter hero's abilities submenu | 6 |  | 
| Give item / drop item | 2 |  | 
| Right click | 253 |  | 
| Select / deselect | 265 |  | 
| Select group hotkey | 1206 |  | 
| Use ability | 70 |  | 
                2077 total
 » units 
                
                | Peon | 9 |  | 
| Grunt | 1 |  | 
| Troll Headhunter/Berserker | 19 |  | 
| Goblin Shredder | 1 |  | 
| Troll Witch Doctor | 7 |  | 
| Frost Wyrm | 1 |  | 
                38 total
 » upgrades
                
                | Ranged Weapons | 2 |  | 
| Armor | 2 |  | 
| Troll Regeneration | 1 |  | 
| Witch Doctor Training | 2 |  | 
| Berserker Upgrade | 1 |  | 
                8 total
 » buildings
                
                | Altar of Storms | 1 |  | 
| Barracks | 2 |  | 
| Orc Burrow | 11 |  | 
| War Mill | 2 |  | 
| Voodoo Lounge | 1 |  | 
| Stronghold | 2 |  | 
| Great Hall | 3 |  | 
| Spirit Lodge | 1 |  | 
| Fortress | 1 |  | 
| Beastiary | 3 |  | 
                27 total
 » build order
                00:15 Altar of Storms
00:19 Barracks
00:31 Orc Burrow
01:25 War Mill
01:50 Orc Burrow
02:33 Voodoo Lounge
03:09 Stronghold
04:35 Orc Burrow
06:04 Great Hall
06:18 Spirit Lodge
07:59 Fortress
08:31 Orc Burrow
08:32 Orc Burrow
08:33 Orc Burrow
10:49 Great Hall
11:01 Barracks
11:20 Orc Burrow
13:19 Great Hall
18:25 Orc Burrow
18:27 Orc Burrow
18:31 Orc Burrow
19:22 Orc Burrow
20:41 Stronghold
20:46 War Mill
23:09 Beastiary
23:10 Beastiary
23:52 Beastiary
» items
                
                | Healing Salve | 2 |  | 
| Orb of Lightning | 1 |  | 
                3 total
  
               
              
              
FeliX_ (
teal | 45 APM | 1051 actions | 23:10)
              
 4 Death Knight 
 2 Death Coil
 2 Unholy Aura
 2 Pandaren Brewmaster 
 1 Drunken Haze
 1 Breath of Fire
 
                » actions 
                
                | Assign group hotkey | 23 |  | 
| Basic commands | 2 |  | 
| Build / train | 44 |  | 
| Enter build submenu | 24 |  | 
| Enter hero's abilities submenu | 6 |  | 
| Right click | 406 |  | 
| Select / deselect | 276 |  | 
| Select group hotkey | 220 |  | 
| Use ability | 49 |  | 
                1051 total
 » units 
                
                | Acolyte | 7 |  | 
| Ghoul | 8 |  | 
| Frost Wyrm | 10 |  | 
| Gargoyle | 3 |  | 
                28 total
 » upgrades
                
                | Creature Carapace | 2 |  | 
| Creature Attack | 2 |  | 
| Freezing Breath | 1 |  | 
                5 total
 » buildings
                
                | Crypt | 1 |  | 
| Altar of Darkness | 2 |  | 
| Ziggurat | 9 |  | 
| Tomb of Relics | 1 |  | 
| Graveyard | 1 |  | 
| Halls of the Dead | 1 |  | 
| Black Citadel | 1 |  | 
| Sacrificial Pit | 1 |  | 
| Boneyard | 2 |  | 
                19 total
 » build order
                00:27 Crypt
00:30 Altar of Darkness
00:31 Altar of Darkness
00:37 Ziggurat
00:58 Ziggurat
01:09 Tomb of Relics
01:43 Graveyard
03:06 Halls of the Dead
04:21 Ziggurat
05:35 Black Citadel
05:40 Sacrificial Pit
06:33 Ziggurat
06:37 Ziggurat
08:03 Boneyard
08:05 Boneyard
08:49 Ziggurat
11:21 Ziggurat
11:25 Ziggurat
11:30 Ziggurat
» items
                 
               
              
              
ImaKillah (
green | 61 APM | 1433 actions | 23:35)
              
 4 Far Seer 
 2 Feral Spirit
 2 Chain Lighting
 
                » actions 
                
                | Assign group hotkey | 23 |  | 
| Basic commands | 44 |  | 
| Build / train | 64 |  | 
| Enter build submenu | 22 |  | 
| Enter hero's abilities submenu | 4 |  | 
| Give item / drop item | 4 |  | 
| Remove unit from queue | 2 |  | 
| Right click | 272 |  | 
| Select / deselect | 395 |  | 
| Select group hotkey | 541 |  | 
| Use ability | 61 |  | 
                1433 total
 » units 
                
                | Peon | 17 |  | 
| Grunt | 6 |  | 
| Shaman | 3 |  | 
| Tauren | 9 |  | 
                35 total
 » upgrades
                
                | Melee Weapons | 3 |  | 
| Armor | 3 |  | 
| Spiked Barricades | 1 |  | 
| Berserker Strength | 1 |  | 
| Shaman Training | 2 |  | 
| Pulverize | 1 |  | 
                11 total
 » buildings
                
                | Altar of Storms | 1 |  | 
| Orc Burrow | 8 |  | 
| Barracks | 1 |  | 
| Voodoo Lounge | 1 |  | 
| War Mill | 1 |  | 
| Stronghold | 1 |  | 
| Watch Tower | 3 |  | 
| Fortress | 1 |  | 
| Spirit Lodge | 1 |  | 
| Tauren Totem | 2 |  | 
| Great Hall | 1 |  | 
                21 total
 » build order
                00:10 Altar of Storms
00:18 Orc Burrow
00:38 Barracks
01:36 Orc Burrow
02:03 Voodoo Lounge
02:32 Orc Burrow
02:47 War Mill
04:22 Stronghold
04:54 Watch Tower
05:21 Watch Tower
05:53 Orc Burrow
06:58 Fortress
07:41 Watch Tower
07:53 Spirit Lodge
08:32 Orc Burrow
10:08 Tauren Totem
10:15 Tauren Totem
14:48 Orc Burrow
14:53 Orc Burrow
14:59 Orc Burrow
20:46 Great Hall
» items
                
                | Healing Salve | 4 |  | 
| Lesser Clarity Potion | 1 |  | 
| Scroll of Speed | 1 |  | 
| Orb of Lightning | 1 |  | 
                7 total
  
               
              
              
» 
frank_rules (
yellow | 32 APM | 760 actions | 23:31)
              
 6 Archmage 
 3 Blizzard
 2 Summon Water Elemental
 1 Mass Teleport
 
                » actions 
                
                | Build / train | 74 |  | 
| Enter build submenu | 35 |  | 
| Enter hero's abilities submenu | 6 |  | 
| Remove unit from queue | 5 |  | 
| Right click | 236 |  | 
| Select / deselect | 348 |  | 
| Use ability | 54 |  | 
                760 total
 » units 
                
                | Peasant | 15 |  | 
| Knight | 17 |  | 
| Priest | 14 |  | 
                46 total
 » upgrades
                
                | Swords | 3 |  | 
| Lumber Harvesting | 2 |  | 
| Priest Training | 2 |  | 
| Plating | 2 |  | 
| Animal War Training | 1 |  | 
                10 total
 » buildings
                
                | Altar of Kings | 1 |  | 
| Farm | 14 |  | 
| Barracks | 2 |  | 
| Keep | 1 |  | 
| Lumber Mill | 1 |  | 
| Arcane Vault | 1 |  | 
| Scout Tower | 1 |  | 
| Blacksmith | 1 |  | 
| Castle | 1 |  | 
| Arcane Sanctum | 1 |  | 
| Town Hall | 3 |  | 
| Guard Tower | 1 |  | 
| Gryphon Aviary | 2 |  | 
                30 total
 » build order
                00:08 Altar of Kings
00:49 Farm
00:55 Farm
02:50 Farm
02:56 Barracks
02:58 Keep
03:04 Lumber Mill
03:41 Farm
04:00 Arcane Vault
04:14 Scout Tower
04:52 Farm
05:36 Blacksmith
05:40 Castle
06:00 Farm
06:56 Farm
07:15 Barracks
07:43 Farm
08:23 Arcane Sanctum
09:55 Town Hall
15:25 Farm
15:26 Farm
15:28 Farm
15:31 Farm
15:33 Farm
15:35 Farm
18:03 Guard Tower
18:29 Gryphon Aviary
18:37 Gryphon Aviary
21:40 Town Hall
22:08 Town Hall
» items
                
                | Potion of Healing | 2 |  | 
| Potion of Mana | 1 |  | 
                3 total
  
                Chat log
          (00:05 / Allies) Dinan5: stats aboms
(00:48 / Allies) Dinan5: stats aboms
(01:06 / Allies) slayer_49: late game going frosties early going fiends
(01:12 / Allies) Dinan5: ok
(01:15 / Allies) Dinan5: good
(01:26 / Allies) slayer_49: what hero u being red?
(01:39 / Allies) Dinan5: dl
(01:42 / Allies) slayer_49: ok
(03:16 / Allies) GoodNaturedBoy: move ur gold peons
(05:24 / Allies) slayer_49: ..
(13:02 / Allies) slayer_49: i might have to go gargs and frosts
(13:06 / Allies) slayer_49: to take out teal
(13:36 / Allies) GoodNaturedBoy: yeah i know
(13:39 / Allies) GoodNaturedBoy: dont go
(14:24 / Allies) GoodNaturedBoy: tp
(14:37 / Allies) Dinan5: now!!!!
(17:35 / Allies) GoodNaturedBoy: lol
(18:47 / Allies) GoodNaturedBoy: red get out
(19:40 / Allies) slayer_49: ty
(19:51 / Allies) Dinan5: meet and we hit again
(19:59 / Allies) Dinan5: purp cpme
(20:02 / Allies) Dinan5: come
(22:09 / Allies) slayer_49: well yellows outa the picture\
(22:14 / Allies) slayer_49: destroyed his castle
(22:14 / Allies) Dinan5: ya
(22:23 / Allies) slayer_49: trade lumber for g
(22:47 / Allies) slayer_49: oj
(22:51 / Allies) slayer_49: can i have g plz
(23:19 / All) Dinan5: pwned
(23:27 / Allies) slayer_49: oj can i have g plz?